Map: Ruins of Seras

Players

FreakBeast - Winner!

  • Race: Zerg Zerg

AgCl

  • Race: Protoss Protoss

VOD

Have the link to the VOD?

Description

Time

  • Played on: May 1, 2015, 1:42 a.m.
  • Length: 4:35
Show
View Real Time Build Order
Export as new Build Order

FreakBeast Zerg - Winner!

Build Orders: Hatch First 

Get SALT Encoding   

  12  0:01  Drone  
  13  0:08  Drone  
  14  0:34  Hatchery  
  13  0:37  Drone  
  13  0:42  Extractor  
  13  0:43  Drone  
  13  0:49  Extractor  
  14  0:50  Drone  
  14  0:56  Overlord  
  15  1:13  Spawning Pool  
  15  1:18  Drone  
  15  1:22  Drone  
  16  1:27  Drone  
  17  1:34  Drone  
  18  1:48  Drone x2  
  20  2:00  Metabolic Boost  
  20  2:01  Queen  
  20  2:08  Queen  
  24  2:11  Zergling x2  
  24  2:13  Drone  
  26  2:16  Drone  
  26  2:18  Drone  
  28  2:25  Overlord  
  28  2:29  Overlord  
  28  2:35  Drone, Extractor  
  29  2:47  Drone x2  
  29  2:48  Drone x2  
  33  2:53  Drone  
  33  2:57  Queen  
  36  2:59  Queen  
  36  3:03  Overlord  
  38  3:22  Zergling x18  
  38  3:23  Zergling x2  
  38  3:25  Zergling x2  
  49  3:36  Lair  
  49  3:37  Drone x2  
  51  3:45  Drone  
  51  3:47  Spore Crawler  
  51  3:51  Drone  
  51  3:52  Overlord x2  
Show
View Real Time Build Order
Export as new Build Order

AgCl Protoss 

Build Orders: Oracle Opening, Oracle Opening 

Get SALT Encoding   

  12  0:01  Probe  
  13  0:13  Probe  
  14  0:31  Pylon  
  14  0:42  Assimilator  
  14  0:49  Probe  
  15  0:52  Gateway  
  15  1:01  Probe  
  16  1:13  Probe (Chrono Boost)  
  17  1:24  Probe (Chrono Boost)  
  18  1:30  Probe (Chrono Boost)  
  19  1:39  Cybernetics Core  
  19  1:42  Probe (Chrono Boost)  
  19  1:45  Assimilator  
  20  1:52  Probe (Chrono Boost)  
  21  1:59  Probe  
  22  2:22  Stargate  
  22  2:29  Gateway  
  22  2:30  Nexus, Pylon  
  22  2:34  Warp Gate (Chrono Boost)  
  22  2:49  Probe (Chrono Boost)  
  23  2:59  Pylon  
  23  3:02  Mothership Core (Chrono Boost)  
  23  3:03  Zealot  
  27  3:07  Pylon  
  27  3:12  Oracle (Chrono Boost)  
  29  3:22  Probe  
  31  3:34  Probe  
  31  3:43  Gateway  
  31  3:48  Gateway  
  31  4:06  Probe (Chrono Boost)  
  31  4:08  Gateway  
  31  4:16  Probe (Chrono Boost)  
  33  4:18  Probe (Chrono Boost)  
  33  4:23  Probe  
Tags
 
Add a new tag
Caveats
  • Supply blocks, unpowered buildings, or Contaminate may cause inaccurate times.
  • Supply counts are checked every 10 seconds.